cohdb
Replays
Latest Replays
All Replays
Popular Replays
Top Player Replays
Match Explorer
How It Works
Community
CoH3 Stats
Reddit
Sign in to upload your games and track your stats! →
Sign in with Steam
Match 47230360
Unlisted
Match 47230360
Overview
Messages
Build Orders
End
Panzergrenadier Squad
Panzerpioneer Squad
Selects Armored Support Battlegroup
250 Light Carrier
Panzergrenadier Squad
Construct Light Support Kompanie
MG34 Team
Selects Superior Fire Drills
Selects Vehicle Awareness
Assault Mechanized Group
Fire Support Elements
Construct Mechanized Kompanie
Selects Flammpanzer III Medium Tank
Flakvierling Half-track
le.IG 18 Support Gun Team
Marder III Tank Destroyer
2.5-tonne Medical Truck
Selects Command Panzer IV F Medium Tank
18-tonne Recovery Half-track
endboss
Chicharrone$DeCaí
Skr13
Oncle-Hô
0
0
Comments
sign in to comment!
No comments posted yet!